 Dungeon Crawl Stone Soup version 0.22-a0-419-g492bfec (webtiles) character file.

70 Mgcat the Covered (level 4, -3/38 HPs)
             Began as a Gnoll Wanderer on May 15, 2018.
             Slain by a worm (6 damage)
             ... on level 2 of the Dungeon.
             The game lasted 00:03:10 (1521 turns).

Mgcat the Covered (Gnoll Wanderer)                  Turns: 1521, Time: 00:03:11

Health: -3/38      AC:  6    Str: 18    XL:     4   Next: 21%
Magic:  6/6        EV: 11    Int: 15    God:
Gold:   113        SH:  0    Dex: 16    Spells: 5/5 levels left

rFire    . . .     SeeInvis .   a - +2 falchion
rCold    . . .     Gourm    .   (no shield)
rNeg     . . .     Faith    .   b - +0 ring mail
rPois    .         Spirit   .   (no helmet)
rElec    .         Reflect  .   (no cloak)
rCorr    .         Harm     .   (no gloves)
MR       .....                  (no boots)
Stlth    +.........             (no amulet)
HPRegen  0.12/turn              g - ring of loudness (curse) {Stlth-}
MPRegen  0.10/turn              (no ring)

@: mighty, lethally poisoned (-3 -> -12), hasted, very quick
A: distributed training, fangs 1, strong nose
a: no special abilities


You were on level 2 of the Dungeon.
You were not hungry.

You visited 1 branch of the dungeon, and saw 2 of its levels.

You collected 113 gold pieces.

Inventory:

Hand Weapons
 a - a +2 falchion (weapon)
Armour
 b - a +0 ring mail (worn)
Jewellery
 g - a cursed ring of loudness (left hand) {Stlth-}
   (You found it on level 1 of the Dungeon)
 m - an uncursed amulet of guardian spirit {unknown}
   (You took it off a hobgoblin on level 2 of the Dungeon)
Scrolls
 e - a scroll of amnesia {unknown}
 h - a scroll of teleportation {unknown}
 j - a scroll of identify {unknown}
 l - a scroll of blinking {unknown}
Potions
 c - a potion of lignification {!q}
Comestibles
 d - 4 rations
 f - 4 chunks of flesh {@w0}


   Skills:
 + Level 4.6 Fighting
 + Level 1.0 Short Blades
 + Level 4.6 Long Blades
 + Level 1.0 Axes
 + Level 1.0 Maces & Flails
 + Level 1.0 Polearms
 + Level 1.0 Staves
 + Level 1.0 Slings
 + Level 2.7 Bows
 + Level 1.0 Crossbows
 + Level 1.0 Throwing
 + Level 4.6 Armour
 + Level 1.0 Dodging
 + Level 2.5 Stealth
 + Level 2.7 Shields
 + Level 1.0 Unarmed Combat
 + Level 1.0 Spellcasting
 + Level 0.8 Conjurations
 + Level 0.8 Hexes
 + Level 0.8 Charms
 + Level 0.8 Summonings
 + Level 0.8 Necromancy
 + Level 0.8 Translocations
 + Level 0.8 Transmutations
 + Level 0.8 Fire Magic
 + Level 0.8 Ice Magic
 + Level 0.8 Air Magic
 + Level 0.8 Earth Magic
 + Level 0.8 Poison Magic
 + Level 1.1 Invocations
 + Level 2.7 Evocations


You had 5 spell levels left.
You didn't know any spells.
Your spell library was empty.

Dungeon Overview and Level Annotations

Branches:
Dungeon (2/15)

Altars:


Innate Abilities, Weirdness & Mutations

Your experience applies equally to all skills.
You have very sharp teeth.
Your uncanny sense of smell can sniff out nearby items.


Message History

You see here a kobold corpse.
You enter the shallow water.
Moving in this stuff is going to be slow.
A worm comes into view.
You slash the worm! You bite the worm.
The worm is heavily wounded.
The worm closely misses you.
You riposte.
You slash the worm!
The worm is almost dead.
You hit the worm.
The worm is almost dead.
The worm barely misses you.
You hit the worm.
The worm is almost dead.
You hit the worm.
You kill the worm!
No target in view!
No target in view!
No target in view!
A rat and a goblin come into view.
The goblin is wielding a dagger of venom.
The goblin shouts!
You hit the rat but do no damage. The rat closely misses you.
You hit the rat.
The rat is heavily wounded.
The rat bites you but does no damage.
You hit the rat.
You kill the rat!
The goblin hits you but does no damage.
You are poisoned.
You closely miss the goblin. You bite the goblin.
The goblin is moderately wounded.
You feel sick. The goblin closely misses you.
You miss the goblin. You bite the goblin, but do no damage.
The goblin is moderately wounded.
You feel sick. The goblin hits you but does no damage.
You are more poisoned.
You hit the goblin.
The goblin is severely wounded.
You feel sick. The goblin hits you but does no damage.
You are more poisoned.
You barely miss the goblin.
The goblin is severely wounded.
You feel sick.
The goblin hits you with a dagger of venom.
You are more poisoned.
A worm comes into view.
You slash the goblin!
You kill the goblin!
You feel sick.
Some of the chunks of flesh in your inventory have rotted away.
You feel sick.
You see here a rat corpse.
You feel sick.
You are too injured to fight recklessly!
You are too injured to fight recklessly!
You are too injured to fight recklessly!
You are too injured to fight recklessly!
You are too injured to fight recklessly!
You are too injured to fight recklessly!
You are too injured to fight recklessly!
You feel sick.
You see here 16 stones.
You feel sick. The worm barely misses you.
Unknown command.
Unknown command.
Unknown command.
Unknown command.
Unknown command.
Unknown command.
You slash the worm! You bite the worm.
The worm is heavily wounded.
You feel sick. The worm bites you.
You hit the worm.
The worm is severely wounded.
You feel sick.
You barely miss the worm.
The worm is severely wounded.
You feel sick. The worm bites you but does no damage.
You barely miss the worm.
The worm is severely wounded.
You feel sick. The worm completely misses you.
You barely miss the worm. You punch the worm.
The worm is severely wounded.
You feel sick.
You hit the worm.
The worm is almost dead.
* * * LOW HITPOINT WARNING * * *
You feel sick. The worm bites you but does no damage.
You hit the worm.
The worm is almost dead.
* * * LOW HITPOINT WARNING * * *
You feel sick. The worm bites you!
* * * LOW HITPOINT WARNING * * *
It was a potion of haste.
You feel yourself speed up.
* * * LOW HITPOINT WARNING * * *
You feel sick.
It was a potion of might.
You feel very mighty all of a sudden. The worm bites you.
You die...

#..#.### ##.≈≈.'..#.
#......## .#.≈≈.##'##
##.#.##.###.#.≈≈.#..#
#....##.#.##.≈≈)#8.##
#....###.###.≈≈(##)#.
#..†)# #.# #.≈≈)##.##
#....###.# #.≈≈(##.#.
#(.(###.## #.≈≈.#).#.
#..#@#.## #.≈≈.#8.#.
#.....w##.## #.≈≈.##.#.
###....###.###.≈≈†##.#.
#..#.##.#.##.≈≈.##.#.
#...##.###.#.≈≈.#(÷#.
#... #.###.#.≈≈.#8.#.
#... #.##.##.≈≈.##.#.
#..#∆##.#.##.≈≈.##÷#.
#.###..≈≈.##.#.


You could see a worm.

Vanquished Creatures
  Terence (D:2)
  A worm (D:2)
  A ball python (D:1)
  A giant cockroach (D:1)
  8 goblins
  5 hobgoblins
  A jackal (D:2)
  7 kobolds
  A quokka (D:2)
  5 bats (D:1)
  3 frilled lizards
  6 rats
40 creatures vanquished.

Notes
Turn   | Place    | Note
-------+----------+-------------------------------------------
     0 | D:1      | Mgcat the Gnoll Wanderer began the quest for the Orb.
     0 | D:1      | Mgcat set off with: a +2 falchion, a +0 ring mail, a potion of lignification {!q}, a ration
     0 | D:1      | Reached XP level 1. HP: 20/20 MP: 2/2
   212 | D:1      | Reached XP level 2. HP: 21/26 MP: 3/3
   539 | D:1      | Reached XP level 3. HP: 31/31 MP: 4/4
  1064 | D:2      | Noticed Terence
  1076 | D:2      | Killed Terence
  1076 | D:2      | Reached skill level 1 in Short Blades
  1076 | D:2      | Reached skill level 1 in Axes
  1076 | D:2      | Reached skill level 1 in Maces & Flails
  1076 | D:2      | Reached skill level 1 in Polearms
  1076 | D:2      | Reached skill level 1 in Staves
  1076 | D:2      | Reached skill level 1 in Slings
  1076 | D:2      | Reached skill level 1 in Crossbows
  1076 | D:2      | Reached skill level 1 in Throwing
  1076 | D:2      | Reached skill level 1 in Dodging
  1076 | D:2      | Reached skill level 1 in Unarmed Combat
  1076 | D:2      | Reached skill level 1 in Spellcasting
  1076 | D:2      | Reached skill level 1 in Invocations
  1373 | D:2      | Reached XP level 4. HP: 38/38 MP: 6/6
  1519 | D:2      | HP: 3/38 [worm (7)]
  1521 | D:2      | Slain by a worm

Vault maps used:
D:1:      erik_arrival_cave_to_civilisation, hex_tiny
D:2:      wad_river_or_something, makhleb_heckhound_becter, uniq_terence

Skill      XL: |  1  2  3 |
---------------+----------+-----
Short Blades   | 1 |  1.0
Axes           | 1 |  1.0
Maces & Flails | 1 |  1.0
Polearms       | 1 |  1.0
Staves         | 1 |  1.0
Slings         | 1 |  1.0
Crossbows      | 1 |  1.0
Throwing       | 1 |  1.0
Dodging        | 1 |  1.0
Unarmed Combat | 1 |  1.0
Spellcasting   | 1 |  1.0
Invocations    | 1 |  1.1
Fighting       | |  4.6
Long Blades    | |  4.6
Bows           | |  2.7
Armour         | |  4.6
Stealth        | |  2.5
Shields        | |  2.7
Conjurations   | |  0.8
Hexes          | |  0.8
Charms         | |  0.8
Summonings     | |  0.8
Necromancy     | |  0.8
Translocations | |  0.8
Transmutations | |  0.8
Fire Magic     | |  0.8
Ice Magic      | |  0.8
Air Magic      | |  0.8
Earth Magic    | |  0.8
Poison Magic   | |  0.8
Evocations     | |  2.7

Action                   |  1- 3 |  4- 6 || total
-------------------------+-------+-------++-------
Melee: Falchion          |    52 |    41 ||    93
       Bite              |     7 |     6 ||    13
       Punch             |     1 |     1 ||     2
  Use: Potion            |       |     2 ||     2
 Stab: Sleeping          |     2 |       ||     2
  Eat: Chunk             |     1 |     1 ||     2
Armor: Ring mail         |    31 |    15 ||    46
Dodge: Dodged            |    23 |    22 ||    45
       Rpst.: Falchion   |     9 |     7 ||    16

Table legend:
 A = Spawn XP
 B = Non-spawn XP
 C = Spawn XP percentage of total XP
 D = Spawn monster count
 E = Non-spawn monster count
 F = Spawn count percentage of total count
 G = Total turns spent on level
                    A         B        C        D         E        F      G
               +---------+---------+-------+---------+---------+-------+---------
         Total |       0 |     100 |   0.0 |       0 |      40 |   0.0 |  1521
               +---------+---------+-------+---------+---------+-------+---------
           D:1 |       0 |      37 |   0.0 |       0 |      24 |   0.0 |   995
           D:2 |       0 |      63 |   0.0 |       0 |      16 |   0.0 |   526
               +---------+---------+-------+---------+---------+-------+---------

Vault maps used:
D:1:      erik_arrival_cave_to_civilisation, hex_tiny
D:2:      wad_river_or_something, makhleb_heckhound_becter, uniq_terence

Table legend:
 A = Turns spent in this place as a percentage of turns spent in the entire game.
 B = Non-inter-level travel turns spent in this place as a percentage of non-inter-level travel turns spent in the entire game.
 C = Inter-level travel turns spent in this place as a percentage of turns spent in this place.
 D = Turns resting spent in this place as a percentage of non-inter-level travel turns spent in this place.
 E = Turns spent auto-exploring this place as a percentage of non-inter-level travel turns spent in this place.
 F = Non-inter-level travel turns spent in this place divided by the number of levels of this place that you've seen.
                   A       B       C       D       E      F
               +-------+-------+-------+-------+-------+----------------------
         Total | 100.0 | 100.0 |   1.1 |   0.0 |  86.6 | 752.5
       Dungeon | 100.0 | 100.0 |   1.1 |   0.0 |  86.6 | 752.5
               +-------+-------+-------+-------+-------+----------------------

Table legend:
 A = Kills in this place as a percentage of kills in entire the game.
 B = Kills by you in this place as a percentage of kills by you in the entire game.
 C = Kills by friends in this place as a percentage of kills by friends in the entire game.
 D = Other kills in this place as a percentage of other kills in the entire game.
 E = Experience gained in this place as a percentage of experience gained in the entire game.
 F = Experience gained in this place divided by the number of levels of this place that you have seen.
                   A       B       C       D       E      F
               +-------+-------+-------+-------+-------+----------------------
         Total | 100.0 | 100.0 |   N/A |   N/A | 100.0 |  50.0
       Dungeon | 100.0 | 100.0 |   N/A |   N/A | 100.0 |  50.0
               +-------+-------+-------+-------+-------+----------------------
